 Dungeon Crawl Stone Soup version 0.31-a0-133-gaae73658be (webtiles) character file.

Game seed: 10807948317231545392

4115 Conn the Arsonist (level 10, -4/59 HPs)
             Began as an Octopode Fire Elementalist on June 2, 2023.
             Slain by Prince Ribbit (8 damage)
             ... on level 8 of the Dungeon.
             The game lasted 00:24:54 (8397 turns).

Conn the Arsonist (Octopode Fire Elementalist)      Turns: 8397, Time: 00:24:54

Health: -4/59      AC:  1    Str:  8    XL:     10   Next: 26%
Magic:  2/20       EV: 14    Int: 21    God:
Gold:   828        SH:  5    Dex: 13    Spells: 3/23 levels left

rFire   . . .        i - staff of conjuration
rCold   + . .        (no shield)
rNeg    . . .        (helmet restricted)
rPois   +            C - amulet of reflection
rElec   .            k - ring of poison resistance
rCorr   .            z - ring of protection from cold
SInv    .            (no ring)
Will    .....        (no ring)
Stlth   ++++         (no ring)
HPRegen 0.29/turn    (no ring)
MPRegen 0.17/turn    (no ring)
                     (no ring)

%: reflection
@: no status effects
A: almost no armour, amphibious, 8 rings, camouflage 1, gelatinous body 1,
(nimble swimmer 1), tentacles
a: no special abilities


You were on level 8 of the Dungeon.
You visited 2 branches of the dungeon, and saw 9 of its levels.

You collected 878 gold pieces.
You spent 50 gold pieces at shops.

Inventory:

Hand Weapons
 d - a +0 dagger
Missiles
 f - 5 javelins (quivered)
 x - 2 throwing nets
Armour
 m - a +0 buckler
Magical Staves
 i - a staff of conjuration (weapon)
Jewellery
 c - an amulet of regeneration
 k - a ring of poison resistance (left tentacle)
 v - an amulet of guardian spirit
 z - a ring of protection from cold (right tentacle)
 C - an amulet of reflection (around mantle)
Wands
 j - a wand of iceblast (14)
 A - a wand of flame (12)
Scrolls
 e - 3 scrolls of magic mapping
 g - 2 scrolls of amnesia
 l - a scroll of teleportation
 n - a scroll of immolation {unknown}
 o - a scroll of noise
 q - a scroll of identify
 s - a scroll of vulnerability {unknown}
 y - a scroll of torment
 B - a scroll of poison {unknown}
Potions
 a - 2 potions of magic
 b - 3 potions of curing
 h - a potion of mutation {unknown}
 p - a potion of resistance {unknown}
 r - a potion of cancellation {unknown}
 t - a potion of berserk rage
 u - a potion of lignification {unknown}
 w - a potion of might {unknown}
 D - 2 potions of haste {unknown}


   Skills:
 + Level 1.4 Fighting
 + Level 1.2 Short Blades
 + Level 0.8 Staves
 + Level 1.6 Throwing
 + Level 3.5 Dodging
 + Level 5.0 Stealth
 + Level 0.3 Unarmed Combat
 + Level 7.0 Spellcasting
 * Level 5.6 Conjurations
 + Level 3.0 Hexes
 + Level 5.1 Summonings
 + Level 8.1 Fire Magic
 + Level 0.4 Air Magic
 + Level 0.1 Poison Magic


You had 3 spell levels left.
You knew the following spells:

 Your Spells              Type           Power      Damage    Failure   Level
a - Foxfire               Conj/Fire      100%       2x1d9     1%          1
b - Scorch                Fire           82%        2d8       1%          2
c - Inner Flame           Hex/Fire       30%        N/A       2%          3
d - Flame Wave            Conj/Fire      53%        2d13      5%          4
e - Summon Small Mammal   Summ           100%       N/A       1%          1
f - Summon Guardian Gole  Hex/Summ       24%        N/A       4%          3
g - Call Canine Familiar  Summ           28%        N/A       3%          3
h - Mephitic Cloud        Conj/Pois/Air  24%        N/A       11%         3

Your spell library contained the following spells:

 Spells                   Type           Power      Damage    Failure   Level
 Static Discharge         Conj/Air       60%        2-5/arc   3%          2
 Volatile Blastmotes      Fire/Tloc      48%        2d14      4%          3
 Poisonous Vapours        Pois/Air       16%        N/A       12%         2
 Summon Lightning Spire   Summ/Air       19%        N/A       28%         4
 Airstrike                Air            4%         2d(1-17)  58%         4
 Freezing Cloud           Conj/Ice/Air   11%        6-21      71%         5
 Malign Gateway           Summ/Tloc      9%         N/A       100%        7
 Summon Horrible Things   Summ           14%        N/A       100%        8


Dungeon Overview and Level Annotations

Branches:
Dungeon (8/15)             Temple (1/1) D:6
   Lair: D:8-11

Altars:
Ashenzari
Cheibriados
Dithmenos
Elyvilon
Fedhas
Gozag
Kikubaaqudgha
Makhleb
Qazlal
Ru
Uskayaw
Vehumet
Xom
Yredelemnul
Zin
The Shining One

Shops:
D:4 [*

Annotations:
D:8 Prince Ribbit


Innate Abilities, Weirdness & Mutations

You cannot wear most types of armour.
You are amphibious.
You can wear up to eight rings at the same time.
Your skin changes colour to match your surroundings (Stealth+).
Your rubbery body absorbs attacks. (AC +1, EV +1)
((You are camouflaged when in or above water. (Stealth+)))
You have tentacles for arms and can constrict up to eight enemies at once.


Message History

Unknown command.
Unknown command.
Unknown command.
Unknown command.
Unknown command.
Unknown command.
Okay, then.
Unknown command.
Okay, then.
Okay, then.
Unknown command.
Okay, then.
Sorry, you're not good enough to have a special ability.
Unknown command.
The yak attacks as you move away! The yak misses you.
Prince Ribbit attacks as you move away! Prince Ribbit closely misses you.
Prince Ribbit hits you!
* * * LOW HITPOINT WARNING * * *
Okay, then.
Unknown command.
Unknown command.
Unknown command.
Unknown command.
Okay, then.
Okay, then.
Unknown command.
Unknown command.
Okay, then.
Okay, then.
As you read the scroll labelled VEASSARPH KUFOW, it crumbles to dust.
You hear a loud clanging noise!
It was a scroll of noise.
Prince Ribbit hits you.
* * * LOW HITPOINT WARNING * * *
You block the yak's attack.
As you read the scroll labelled GUOBAI OMOFAM, it crumbles to dust.
Your body is wracked with pain!
* * * LOW HITPOINT WARNING * * *
Prince Ribbit convulses!
The yak convulses!
It was a scroll of torment.
Prince Ribbit hits you!
You die...

###### #....... #....#
#....... #....# #.......
#....# #.....>.
#....########.......
#....'......#.......
######..?.######.#######.
.......Y..## #.######..
.......F@..# #....##...
..○§...###.# ####.##..#
..§§§.. .# #.##..#
..☼☼... .# #....##
....... .# #...## .......
#...### ....... .....###
....... #####


You could see Prince Ribbit and a yak.

Vanquished Creatures
  Grinder (D:6)
  A hornet (D:8)
  Sigmund (D:3)
  6 yaks
  Grum (D:8)
  A water moccasin (D:4)
  A sky beast (D:7)
  3 black bears
  A centaur (D:7)
  3 wolves (D:8)
  A bullfrog (D:7)
  3 scorpions
  3 wights (D:6)
  An electric eel (D:6)
  2 hounds
  2 jellies
  2 gnoll boudas
  2 orc priests
  An iguana (D:4)
  4 orc wizards
  11 gnolls
  10 adders
  2 white imps
  An ufetubus (D:4)
  3 worms
  5 dart slugs
  17 orcs
  3 ball pythons
  8 endoplasms
  A giant cockroach (D:1)
  7 goblins
  5 hobgoblins
  11 jackals
  4 quokkas
  4 bats
  2 frilled lizards
  7 kobolds
  7 rats
148 creatures vanquished.

Vanquished Creatures (others)
  Joseph (D:7)
  Maggie (D:7)
  A yak (D:8)
  380 foxfires
383 creatures vanquished.

Grand Total: 531 creatures vanquished

Notes
Turn   | Place    | Note
-------+----------+-------------------------------------------
     0 | D:1      | Conn the Octopode Fire Elementalist began the quest for the
                  | Orb.
     0 | D:1      | Reached XP level 1. HP: 11/11 MP: 3/3
    97 | D:1      | Reached XP level 2. HP: 12/17 MP: 0/5
   565 | D:1      | Reached XP level 3. HP: 21/21 MP: 6/6
  1043 | D:1      | Learned a level 2 spell: Scorch
  1047 | D:1      | Learned a level 3 spell: Inner Flame
  1470 | D:2      | Identified the +2 pair of boots of the Planets {rCorr Str+5
                  | Int+3}
  1898 | D:3      | Reached skill level 4 in Fire Magic
  1898 | D:3      | Reached XP level 4. HP: 27/27 MP: 3/7
  1955 | D:3      | Reached skill level 1 in Short Blades
  2231 | D:3      | Found a broken altar of Ashenzari.
  2235 | D:3      | Saw a vision of the Swamp and the Spider Nest.
  2235 | D:3      | Noticed a radroach
  2235 | D:3      | Noticed a spriggan druid
  2235 | D:3      | Noticed an emperor scorpion
  2235 | D:3      | Noticed a jumping spider
  2235 | D:3      | Noticed a jumping spider
  2235 | D:3      | Noticed a vampire mosquito
  2235 | D:3      | Noticed a redback
  2235 | D:3      | Noticed a jumping spider
  2235 | D:3      | Noticed a tarantella
  2235 | D:3      | Noticed a redback
  2235 | D:3      | Noticed a wolf spider
  2236 | D:3      | Noticed a jumping spider
  2237 | D:3      | Noticed a culicivora
  2238 | D:3      | Noticed a tarantella
  2241 | D:3      | Noticed an eight-headed hydra
  2241 | D:3      | Noticed a goliath frog
  2241 | D:3      | Noticed Sigmund
  2242 | D:3      | Noticed a tyrant leech
  2270 | D:3      | Killed Sigmund
  2271 | D:3      | Reached skill level 5 in Fire Magic
  2271 | D:3      | Reached XP level 5. HP: 12/31 MP: 5/9
  2271 | D:3      | Reached XP level 6. HP: 14/36 MP: 5/10
  2799 | D:3      | You fall into a shaft and drop 2 floors!
  2799 | D:5      | Entered Level 5 of the Dungeon
  2806 | D:4      | Found Dareusu's Assorted Antiques.
  2818 | D:4      | Bought a scroll of identify for 50 gold pieces
  2880 | D:4      | Noticed a black bear
  2890 | D:4      | Learned a level 4 spell: Flame Wave
  2892 | D:4      | Learned a level 1 spell: Summon Small Mammal
  3125 | D:4      | Found Poqaesse's Antique Armour Boutique.
  3154 | D:4      | Killed a black bear
  3280 | D:4      | Noticed a water moccasin
  3284 | D:4      | Killed a water moccasin
  3285 | D:4      | Reached skill level 1 in Throwing
  3285 | D:4      | Reached skill level 1 in Summonings
  3285 | D:4      | Reached XP level 7. HP: 30/42 MP: 4/12
  3766 | D:5      | Found a sacrificial altar of Ru.
  4105 | D:5      | Found a snail-covered altar of Cheibriados.
  4791 | D:5      | Found an opulent altar of Gozag.
  4825 | D:5      | Noticed a yak
  4826 | D:5      | Noticed a yak
  4826 | D:5      | Noticed a yak
  4830 | D:5      | Killed a yak
  4831 | D:5      | Reached XP level 8. HP: 47/47 MP: 5/14
  4833 | D:5      | Killed a yak
  4876 | D:5      | Identified a scroll of acquirement
  4876 | D:5      | Acquired 555 gold pieces
  5384 | D:6      | Found a staircase to the Ecumenical Temple.
  5393 | Temple   | Entered the Ecumenical Temple
  5776 | D:7      | Reached skill level 5 in Spellcasting
  5878 | D:7      | Reached skill level 6 in Fire Magic
  5880 | D:7      | Reached skill level 1 in Fighting
  5965 | D:7      | Learned a level 3 spell: Summon Guardian Golem
  5969 | D:7      | Learned a level 3 spell: Call Canine Familiar
  6195 | D:7      | Noticed Maggie
  6396 | D:6      | Reached XP level 9. HP: 53/53 MP: 7/17
  6567 | D:6      | Noticed Grinder
  6577 | D:6      | Killed Grinder
  6578 | D:6      | Reached skill level 1 in Hexes
  7496 | D:7      | Killed Maggie
  7649 | D:7      | Reached skill level 7 in Fire Magic
  7727 | D:7      | Noticed Joseph
  7734 | D:7      | Killed Joseph
  7735 | D:7      | Reached skill level 5 in Stealth
  7835 | D:7      | Learned a level 3 spell: Mephitic Cloud
  7863 | D:8      | Noticed a hornet
  7870 | D:8      | Killed a hornet
  7871 | D:8      | Reached skill level 5 in Conjurations
  7969 | D:8      | Reached XP level 10. HP: 59/59 MP: 4/19
  8127 | D:8      | Noticed Grum
  8128 | D:8      | Reached skill level 5 in Summonings
  8135 | D:8      | Killed Grum
  8136 | D:8      | Reached skill level 8 in Fire Magic
  8389 | D:8      | Noticed Prince Ribbit
  8397 | D:8      | Slain by Prince Ribbit

Illustrated notes

Levels and vault maps discovered:
D:1:      minmay_arrival_three_doors, layout_basic
D:2:      layout_loops_ring, nicolae_elevator_lobby_asterisk
D:3:      layout_loops_corners, grunt_ashenzari_visionary
          [grunt_ashenzari_visionary_swamp, grunt_ashenzari_visionary_spider],
          uniq_sigmund
D:4:      layout_rooms, serial_shops, kennysheep_mini, nicolae_shop_dealshenge,
          minmay_misc_feat_hallway
D:5:      layout_gridville, cheibriados_altar_1, nicolae_gozag_seed_capital,
          nicolae_ru_sacrificial_ziggurat, nicolae_half_adder
D:6:      cheibrodos_helix_gallery, layout_cave_pods,
          minmay_temple_entry_arrows, uniq_grinder
D:7:      layout_basic, uniq_joseph, uniq_maggie
D:8:      layout_basic, lemuel_tele_altar, kennysheep_generic_room_7,
          uniq_prince_ribbit1, uniq_grum
Temple:   minmay_temple_bridge_abc

Skill      XL: |  1  2  3  4  5  6  7  8  9 10 |
---------------+-------------------------------+-----
Stealth        | 3 4 5 |  5.0
Fire Magic     | 4 5 6 7 8 |  8.1
Short Blades   | 1 |  1.2
Spellcasting   | 3 4 5 6 7 |  7.0
Conjurations   | 2 3 4 5 |  5.6
Throwing       | 1 |  1.6
Summonings     | 1 2 3 4 5 |  5.1
Dodging        | 3 |  3.5
Fighting       | 1 |  1.4
Hexes          | 2 3 |  3.0
Staves         | |  0.8
Unarmed Combat | |  0.3
Air Magic      | |  0.4
Poison Magic   | |  0.1

Action                     |  1- 3 |  4- 6 |  7- 9 | 10-12 || total
---------------------------+-------+-------+-------+-------++-------
  Melee: Unarmed           |    12 |       |       |       ||    12
         Constrict         |    10 |     7 |    11 |       ||    28
         Tentacles         |     9 |     4 |    13 |     3 ||    29
         Dagger            |    24 |       |       |       ||    24
         Staff             |       |    23 |    33 |     3 ||    59
         Punch             |       |       |     1 |       ||     1
  Throw: Javelin           |       |     2 |       |       ||     2
         Throwing net      |       |     1 |     1 |       ||     2
   Cast: Foxfire           |    44 |    50 |   115 |     4 ||   213
         Scorch            |     5 |    13 |    27 |     4 ||    49
         Inner Flame       |       |     1 |    15 |     1 ||    17
         Summon Small Mamm |       |       |     3 |       ||     3
         Flame Wave        |       |       |     2 |     2 ||     4
         Summon Guardian G |       |       |     5 |     1 ||     6
         Mephitic Cloud    |       |       |     1 |     2 ||     3
    Use: Potion            |     2 |     2 |     1 |       ||     5
         Scroll            |     1 |     1 |     4 |     2 ||     8
   Stab: Sleeping          |     5 |     1 |       |       ||     6
 Armour: Skin              |     4 |     3 |     8 |       ||    15
  Dodge: Dodged            |    32 |    28 |    75 |     7 ||   142
  Block: Other             |       |       |       |     1 ||     1

Table legend: (Time is in decaauts)
 A = Elapsed time spent in this place.
 B = Non-inter-level travel time spent in this place.
 C = Inter-level travel time spent in this place.
 D = Time resting spent in this place.
 E = Time spent auto-exploring this place.
 F = Levels seen in this place.
 G = Mean time per level.
                   A        B        C        D        E       F      G
               +--------+--------+--------+--------+--------+-----+--------+
         Total |   8422 |   8162 |    260 |    212 |   6320 |   9 |  935.8 |
       Dungeon |   8237 |   7997 |    240 |    212 |   6196 |   8 | 1029.6 |
        Temple |    184 |    164 |     20 |      0 |    124 |   1 |  184.0 |
               +--------+--------+--------+--------+--------+-----+--------+

Top non-repeatable levels by time:
     D:5: 1421 daAuts
     D:6: 1299 daAuts
     D:7: 1188 daAuts
     D:3: 1177 daAuts
     D:1: 1063 daAuts
     D:4: 840 daAuts
     D:2: 705 daAuts
     D:8: 541 daAuts
  Temple: 184 daAuts
